 Dungeon Sprint DCSS version 0.21-a0-210-gbfa5647 (webtiles) character file.

81 Kidiri the Sneak (level 4, 0/23 HPs)
             Began as a Spriggan Enchanter on Aug 21, 2017.
             Slain by a hippogriff (4 damage)
             ... in the Dungeon (Sprint II: "The Violet Keep of Menkaure").
             The game lasted 00:01:15 (85 turns).

Kidiri the Sneak (Spriggan Enchanter)                 Turns: 85, Time: 00:01:16

Health: 0/23       AC:  2    Str:  4    XL:     4   Next: 19%
Magic:  9/12       EV: 21    Int: 17    God:
Gold:   243        SH:  0    Dex: 16    Spells: 1/13 levels left

rFire    . . .     SeeInvis +   a - +1 dagger
rCold    . . .     Gourm    .   (shield restricted)
rNeg     . . .     Faith    .   b - +0 robe
rPois    .         Spirit   .   (helmet restricted)
rElec    .         Reflect  .   (no cloak)
rCorr    .         Harm     .   (gloves unavailable)
MR       .....     NoTele   +   (boots unavailable)
Stlth    ++++......             (no amulet)
HPRegen  0.07/turn              (no ring)
MPRegen  0.13/turn              (no ring)

@: very slightly contaminated, very quick
A: unfitting armour, see invisible, herbivore 3, speed 3, slow metabolism 2
a: no special abilities


You were in the Dungeon.
You were not hungry.

You visited 1 branch You collected 243 gold pieces.

Inventory:

Hand Weapons
 a - a +1 dagger (weapon)
Armour
 b - a +0 robe (worn)
Scrolls
 j - a scroll of blinking
Potions
 e - a potion of curing
 g - a potion of haste
 h - a potion of magic
 i - a potion of berserk rage
Books
 c - a book of Maledictions

   Spells                             Type                      Level
   a - Corona                         Hexes                        1
   b - Ensorcelled Hibernation        Hexes/Ice                    2
   c - Confuse                        Hexes                        3
   d - Tukima's Dance                 Hexes                        3
   e - Dazzling Spray                 Conjuration/Hexes            3
Comestibles
 d - a bread ration


   Skills:
 + Level 1.7 Fighting
 * Level 4.0 Short Blades
 + Level 1.5 Armour
 * Level 5.6 Dodging
 * Level 7.0 Stealth
 * Level 5.0 Spellcasting
 + Level 4.7 Hexes


You had one spell level left.
You knew the following spells:

 Your Spells              Type           Power        Failure   Level  Hunger
a - Corona                Hex            ###....      1%          1    None
b - Ensorcelled Hibernat  Hex/Ice        ##....       9%          2    #......
c - Confuse               Hex            ###.....     6%          3    ###....
d - Tukima's Dance        Hex            ###.....     6%          3    ###....
e - Dazzling Spray        Conj/Hex       ##....       16%         3    ###....


Dungeon Overview and Level Annotations

Branches:
Dungeon (1/1)

Altars:


Innate Abilities, Weirdness & Mutations

You are very small and have problems with some larger weapons.
You are too small for most types of armour.
You have supernaturally acute eyesight. (SInv)
You are a herbivore.
You cover ground extremely quickly.
You need consume almost no food.


Message History

The hippogriff pecks you!
* * * LOW HITPOINT WARNING * * *
The hippogriff claws you.
* * * LOW HITPOINT WARNING * * *
Unknown command.
There is a staircase leading out of the dungeon here.
Casting: Confuse
Confirm with . or Enter, or press ? or * to list all spells.
Aiming: Ensorcelled Hibernation
Press: ? - help, Shift-Dir - straight line, f/p - hippogriff
Aim: a hippogriff (almost dead, chance to defeat MR: 38%)
The hippogriff easily resists.
The hippogriff closely misses you. x2
The hippogriff barely misses you.
Casting: Ensorcelled Hibernation
Confirm with . or Enter, or press ? or * to list all spells.
Aiming: Ensorcelled Hibernation
Press: ? - help, Shift-Dir - straight line, f/p - hippogriff
Aim: a hippogriff (almost dead, chance to defeat MR: 38%)
The hippogriff easily resists.
The hippogriff bites you.
You die...

###≈≈#+++#+++##
##≈≈≈.........#
.#≈≈≈≈†##+##..#
.#≈≈≈≈##.#.##
.#≈≈≈≈#..##.#
.#≈≈# ##..#####
.#≈##n ##+# #.#
.#≈#.n.##.##.#
.+ #$+.@HH##
#.n.##.##.# ##n
#+###.# # ...
## ..#m. ##.
.## ## ##


You could see 2 hippogriffs.

Vanquished Creatures
  A crocodile (D)
  3 worms (D)
4 creatures vanquished.

Vanquished Creatures (others)
  Menkaure (D)
  A crocodile (D)
2 creatures vanquished.

Grand Total: 6 creatures vanquished

Notes
Turn   | Place    | Note
-------+----------+-------------------------------------------
     0 | D        | Kidiri the Spriggan Enchanter began the quest for the Orb.
     0 | D        | Reached XP level 1. HP: 9/9 MP: 5/5
     6 | D        | Reached skill level 5 in Stealth
    12 | D        | Noticed an electric eel
    12 | D        | Noticed an electric eel
    12 | D        | Noticed an electric eel
    13 | D        | Noticed an electric eel
    13 | D        | Noticed an electric eel
    13 | D        | Noticed an electric eel
    15 | D        | Reached XP level 2. HP: 14/14 MP: 7/7
    20 | D        | Learned a level 2 spell: Ensorcelled Hibernation
    22 | D        | Noticed an electric eel
    22 | D        | Noticed an electric eel
    22 | D        | Noticed a crocodile
    24 | D        | Killed a crocodile
    24 | D        | Reached skill level 1 in Fighting
    24 | D        | Reached skill level 1 in Armour
    24 | D        | Reached skill level 5 in Dodging
    24 | D        | Reached skill level 7 in Stealth
    24 | D        | Reached skill level 5 in Spellcasting
    24 | D        | Reached XP level 3. HP: 18/18 MP: 7/10
    24 | D        | Reached XP level 4. HP: 23/23 MP: 8/12
    39 | D        | Learned a level 3 spell: Confuse
    43 | D        | Learned a level 3 spell: Tukima's Dance
    47 | D        | Learned a level 3 spell: Dazzling Spray
    61 | D        | Noticed a hippogriff
    61 | D        | Noticed a hippogriff
    64 | D        | Noticed a merfolk siren
    64 | D        | Killed Menkaure
    67 | D        | Noticed a necrophage
    67 | D        | Noticed a necrophage
    67 | D        | Noticed a necrophage
    67 | D        | Noticed a necrophage
    81 | D        | Killed a crocodile
    85 | D        | Slain by a hippogriff

Vault maps used:
D:        the_violet_keep_of_menkaure

Skill      XL: |  1  2 |
---------------+-------+-----
Short Blades   | 2 4 |  4.0
Spellcasting   | 3 5 |  5.0
Stealth        | 5 7 |  7.0
Hexes          | 4 |  4.7
Fighting       | 1 |  1.7
Armour         | 1 |  1.5
Dodging        | 5 |  5.6

Action                   |  1- 3 |  4- 6 || total
-------------------------+-------+-------++-------
Melee: Dagger            |     4 |     1 ||     5
 Cast: Ensorcelled Hiber |       |     3 ||     3
       Confuse           |       |     2 ||     2
  Use: Potion            |       |     2 ||     2
 Stab: Sleeping          |     4 |     1 ||     5
Dodge: Dodged            |       |    13 ||    13

Table legend:
 A = Spawn XP
 B = Non-spawn XP
 C = Spawn XP percentage of total XP
 D = Spawn monster count
 E = Non-spawn monster count
 F = Spawn count percentage of total count
 G = Total turns spent on level
                    A         B        C        D         E        F      G
               +---------+---------+-------+---------+---------+-------+---------
         Total |       0 |     116 |   0.0 |       0 |       4 |   0.0 |    85
               +---------+---------+-------+---------+---------+-------+---------
             D |       0 |     116 |   0.0 |       0 |       4 |   0.0 |    85
               +---------+---------+-------+---------+---------+-------+---------
